 Dungeon Crawl Stone Soup version 0.28.0-45-g0d030f2227 (webtiles) character file.

Game seed: 1489106146851394751

53 4FPSwarrior the Stinger (level 3, -1/23 HPs)
             Began as an Octopode Venom Mage on Mar 30, 2022.
             Slain by an adder (2 damage)
             ... in a sewer.
             The game lasted 00:04:59 (2839 turns).

4FPSwarrior the Stinger (Octopode Venom Mage)       Turns: 2839, Time: 00:05:00

Health: -1/23      AC:  1    Str:  4 (7)  XL:     3   Next: 89%
Magic:  3/6        EV: 13    Int: 16 (19) God:
Gold:   44         SH:  0    Dex: 11 (12) Spells: 4/7 levels left

rFire   . . .      SeeInvis .   (no weapon)
rCold   . . .      Faith    .   (no shield)
rNeg    . . .      Spirit   .   (helmet restricted)
rPois   .          Reflect  .   (no amulet)
rElec   .          Harm     .   (no ring)
rCorr   .          Rampage  .   (no ring)
Will    .....                   (no ring)
Stlth   +++.......              (no ring)
HPRegen 0.07/turn               (no ring)
MPRegen 0.10/turn               (no ring)
                                (no ring)
                                (no ring)

@: lethally poisoned (-1 -> -9)
A: almost no armour, amphibious, 8 rings, camouflage 1, gelatinous body 1,
(nimble swimmer 1), tentacles
a: no special abilities


You were in a sewer.
You visited 1 branch of the dungeon, and saw 3 of its levels.
You also visited: Sewer.

You collected 44 gold pieces.

Inventory:

Scrolls
 a - a scroll of summoning {unknown}
 b - a scroll of identify {unknown}
 d - a scroll of blinking {unknown}


   Skills:
 + Level 1.4 Fighting
 - Level 2.0 Dodging
 - Level 2.6 Stealth
 + Level 2.5 Spellcasting
 + Level 1.8 Transmutations
 + Level 4.2 Poison Magic


You had 4 spell levels left.
You knew the following spells:

 Your Spells              Type           Power      Damage    Failure   Level
a - Sting                 Tmut/Pois      44%        1d5       5%          1
b - Poisonous Vapours     Pois/Air       16%        N/A       12%         2

Your spell library contained the following spells:

 Spells                   Type           Power      Damage    Failure   Level
 Mephitic Cloud           Conj/Pois/Air  6%         N/A       32%         3
 Olgreb's Toxic Radiance  Pois           15%        N/A       34%         4


Dungeon Overview and Level Annotations

Branches:
Dungeon (3/15)              Sewer (1/1)

Altars:

Shops:
D:2 [

Annotations:
D:2 Sigmund


Innate Abilities, Weirdness & Mutations

You cannot wear most types of armour.
You are amphibious.
You can wear up to eight rings at the same time.
Your skin changes colour to match your surroundings (Stealth+).
Your rubbery body absorbs attacks. (AC +1, EV +1)
((You are camouflaged when in or above water. (Stealth+)))
You have tentacles for arms and can constrict up to eight enemies at once.


Message History

You see here a quokka corpse.
The adder closely misses you.
Casting: Sting (safe; 4% risk of failure)
Confirm with . or Enter, or press ? or * to list all spells.
Aiming: Sting (safe; 4% risk of failure)
Press: ? - help, Shift-Dir - straight line, f - adder
Aim: an adder (53% to hit)
The sting misses the adder.
The sting hits the adder.
The adder is poisoned.
The adder is lightly wounded.
The adder bites you. The adder closely misses you.
Unknown command.
Casting: Sting (safe; 4% risk of failure)
Confirm with . or Enter, or press ? or * to list all spells.
Aiming: Sting (safe; 4% risk of failure)
Press: ? - help, Shift-Dir - straight line, f/p - adder
Aim: an adder (53% to hit)
The sting hits the adder.
The adder is poisoned.
The adder is lightly wounded.
The adder bites you. x2
You are poisoned.
The adder poisons you! The adder bites you.
Casting: Sting (safe; 4% risk of failure)
Confirm with . or Enter, or press ? or * to list all spells.
Aiming: Sting (safe; 4% risk of failure)
Press: ? - help, Shift-Dir - straight line, f/p - adder
Aim: an adder (lightly wounded, poisoned, 53% to hit)
The sting hits the adder.
The adder looks even sicker.
The adder is lightly wounded.
You feel sick. The adder bites you.
* * * LOW HITPOINT WARNING * * *
The adder bites you.
* * * LOW HITPOINT WARNING * * *
You are more poisoned.
The adder poisons you!
It was a potion of degeneration.
There was something very wrong with that liquid.
You feel weakened.
You feel dopey.
You feel clumsy.
* * * LOW HITPOINT WARNING * * *
You feel sick. The adder bites you but does no damage. The adder bites you.
You die...

#############
#####.≈.†≈..≈≈≈≈#
###.∩..≈≈≈≈≈≈≈≈≈.≈#
##≈...≈#########≈≈≈#
#∩≈≈####..≈≈≈.≈≈≈≈≈#
#####≈†S@#####≈≈≈.≈#
##..≈≈≈S≈# #######
#≈.≈.≈#### #≈≈≈≈###
#≈≈≈≈# #≈≈B# #≈≈≈≈
#.≈≈ #≈≈


You could see 2 adders and a giant cockroach (wandering).

Vanquished Creatures
  A worm (D:2)
  6 bats
  5 endoplasms
  3 giant cockroaches
  A goblin (D:2)
  4 hobgoblins (D:1)
  5 jackals (D:1)
  5 quokkas
  3 ball pythons
  3 frilled lizards
  3 kobolds
  6 rats
45 creatures vanquished.

Notes
Turn   | Place    | Note
-------+----------+-------------------------------------------
     0 | D:1      | 4FPSwarrior the Octopode Venom Mage began the quest for the
                  | Orb.
     0 | D:1      | Reached XP level 1. HP: 11/11 MP: 3/3
   379 | D:1      | Reached XP level 2. HP: 18/18 MP: 3/5
   945 | D:1      | Reached skill level 1 in Fighting
   945 | D:1      | Reached skill level 4 in Poison Magic
  1090 | D:1      | Reached XP level 3. HP: 18/23 MP: 1/6
  2064 | D:2      | Found Amnoihuf's Antique Armour Emporium.
  2237 | D:2      | Noticed Sigmund
  2341 | D:2      | Found a faded altar of an unknown god.
  2596 | D:3      | Found a glowing drain.
  2600 | Sewer    | Entered a sewer
  2647 | Sewer    | Learned a level 2 spell: Poisonous Vapours
  2839 | Sewer    | HP: 1/23 [poisoned by an adder]
  2839 | Sewer    | Slain by an adder

Illustrated notes

Levels and vault maps discovered:
D:1:      minmay_arrival_wavy_path, layout_loops_corners, st_stairs_9
D:2:      layout_loops_cross, serial_shops, shop, ebering_ecumenical_altar_box,
          uniq_sigmund
D:3:      layout_basic, chequers_temple_overflow_minitemple,
          gup_sewer_entry_bowl
Sewer:    sewer_frog_island_02

Skill      XL: |  1  2 |
---------------+-------+-----
Fighting       | 1 |  1.4
Poison Magic   | 4 |  4.2
Dodging        | |  2.0
Stealth        | |  2.6
Spellcasting   | |  2.5
Transmutations | |  1.8

Action                   || total
-------------------------++-------
Melee: Unarmed           ||    15
       Constrict         ||     5
       Tentacles         ||     6
 Cast: Sting             ||    97
  Use: Scroll            ||     1
       Potion            ||     1
Armor: Skin              ||     5
Dodge: Dodged            ||    30
